[Event "XVI Memorial Lezcano Montalvo 2024"]
[Site "Gran Canaria"]
[Date "2024.03.27"]
[Round "5.42"]
[White "Yuan, Yingjie"]
[Black "Parra Erazo, Santiago"]
[Result "1-0"]
[ECO "A16"]
[WhiteElo "1771"]
[BlackElo "1439"]
[Annotator "NA RC"]
[PlyCount "71"]
[EventDate "2024.03.23"]
[EventType "swiss"]
[EventCountry "ESP"]
[SourceTitle "playchess.com"]
[Source "ChessBase"]
[SourceQuality "1"]
[TimeControl "5400+30"]

1. c4 Nf6 2. Nc3 Nc6 3. g3 d6 4. Bg2 g6 5. Rb1 Bg7 6. b4 O-O 7. Nf3 Bg4 8. h3 Bxf3 9. Bxf3 Rb8 10. O-O Ne5 11. Bg2 Nxc4 12. b5 a6 13. Qa4 axb5 14. Qxb5 Nb6 15. a4 Qd7 16. a5 Qxb5 17. Rxb5 Nbd7 18. Bxb7 Nc5 19. Bc6 Rxb5 20. Nxb5 e5 21. Ba3 Nfe4 22. Rd1 f5 23. d3 Ng5 24. Bxc5 dxc5 25. a6 Ne6 26. Bd5 Re8 27. Nxc7 Kf7 28. Nxe8 Kxe8 29. Bxe6 Ke7 30. a7 Kxe6 31. a8=Q Kf6 32. Qd8+ Kf7 33. Ra1 Ke6 34. Ra6+ Kf7 35. Ra7+ Ke6 36. Qd7+ 1-0

[Event "XVI Memorial Lezcano Montalvo 2024"]
[Site "Gran Canaria"]
[Date "2024.03.28"]
[Round "6.1"]
[White "Larino Nieto, David"]
[Black "Fiorito, Francisco"]
[Result "1/2-1/2"]
[ECO "B50"]
[WhiteElo "2365"]
[BlackElo "2368"]
[Annotator "RC"]
[PlyCount "102"]
[EventDate "2024.03.23"]
[EventType "swiss"]
[EventCountry "ESP"]
[SourceTitle "playchess.com"]
[Source "ChessBase"]
[SourceQuality "1"]
[TimeControl "5400+30"]

1. e4 c5 2. Nf3 Nc6 3. b3 d6 4. Bb2 e5 5. Bb5 Nf6 6. O-O Be7 7. Re1 O-O 8. c3 Bg4 9. h3 Bh5 10. Bxc6 bxc6 11. d4 cxd4 12. cxd4 exd4 13. Bxd4 d5 14. exd5 Nxd5 15. Nbd2 Nf4 16. Qc2 Bb4 17. Be3 Bxf3 18. Bxf4 Bd5 19. Red1 Qf6 20. Bg3 Rfe8 21. Nf1 Bc3 22. Rac1 Bb2 23. Rb1 Bd4 24. Qd2 Bb6 25. Re1 h5 26. h4 Qg6 27. Rbd1 Re4 28. Rxe4 Qxe4 29. Ne3 Bxe3 30. fxe3 Qg4 31. Kh2 Re8 32. Rf1 Qe4 33. Qe2 Re6 34. Rf2 Qg6 35. Bf4 Kh7 36. Bg5 Re4 37. Bf4 f6 38. Rf3 Qg4 39. Qf2 Re7 40. Rg3 Qf5 41. Qd2 Rd7 42. Qb4 Qe4 43. Qf8 Qe7 44. Qc8 Be4 45. Qa6 Qe6 46. Qc8 Qe7 47. Qa6 Rd2 48. Qa5 Rd5 49. Qa4 Rd7 50. Qa6 Qf7 51. Qa4 Qe7 1/2-1/2

[Event "XVI Memorial Lezcano Montalvo 2024"]
[Site "Gran Canaria"]
[Date "2024.03.28"]
[Round "6.2"]
[White "Tutisani, Noe"]
[Black "Dvirnyy, Danyyil"]
[Result "1/2-1/2"]
[ECO "C65"]
[WhiteElo "2405"]
[BlackElo "2482"]
[Annotator "TA"]
[PlyCount "84"]
[EventDate "2024.03.23"]
[EventType "swiss"]
[EventCountry "ESP"]
[SourceTitle "playchess.com"]
[Source "ChessBase"]
[SourceQuality "1"]
[TimeControl "5400+30"]

1. e4 e5 2. Nf3 Nc6 3. Bb5 Nf6 4. d3 Bc5 5. Nbd2 O-O 6. Nb3 {[%emt 0:00:06][%cal Ob5c6] [#] Bxc6! would now be deadly.} Bd6 7. O-O a6 8. Bxc6 {[%emt 0:00:12] The position is equal.} dxc6 9. Bg5 Re8 10. Re1 c5 11. a4 a5 12. Nbd2 Re6 13. Nc4 Qe8 14. Bd2 b6 15. Ng5 Re7 16. Bc3 Nd7 17. Qd2 (17. Qh5 $14 h6 18. Nf3) 17... f6 $11 18. Nf3 Nf8 19. Ne3 Ne6 20. Nd5 Rf7 21. Qd1 Qd8 22. Nd2 c6 23. Ne3 b5 $36 {[%emt 0:01:46][%mdl 2048] Hoping for ...b4. Black fights for an advantage.} 24. b3 Nd4 25. Bb2 Bf8 26. f3 Rb7 27. c3 (27. g3 $15) 27... Ne6 $17 28. axb5 cxb5 29. Nd5 Bd7 30. Nf1 {[%emt 0:03:32] [#]} c4 $1 31. Nfe3 (31. bxc4 bxc4) 31... cxd3 32. Qxd3 Nc5 33. Qc2 a4 34. b4 Nb3 35. Rad1 Qc8 36. Rd3 Be6 37. Qd1 Qc6 38. Ba3 Rd7 39. Bb2 Rad8 40. g4 Bf7 (40... Kf7 $17 41. h4 h5) 41. Kg2 h5 42. h3 h4 {[%emt 0:03:49] Weighted Error Value: White=0.09 (flawless) /Black=0.08 (flawless) .  Mistake:       	White=2     	Black=1      Inaccurate:     	White=1     	Black=4      OK:         	White=14    	Black=11     Best:        	White=1     	Black=2} 1/2-1/2

[Event "XVI Memorial Lezcano Montalvo 2024"]
[Site "Gran Canaria"]
[Date "2024.03.28"]
[Round "6.3"]
[White "Kovchan, Alexander"]
[Black "Barlov, Dragan"]
[Result "1-0"]
[ECO "B42"]
[WhiteElo "2477"]
[BlackElo "2387"]
[Annotator "TA"]
[PlyCount "93"]
[EventDate "2024.03.23"]
[EventType "swiss"]
[EventCountry "ESP"]
[SourceTitle "playchess.com"]
[Source "ChessBase"]
[SourceQuality "1"]
[TimeControl "5400+30"]

1. e4 c5 2. Nf3 e6 3. d4 cxd4 4. Nxd4 a6 5. Bd3 Nf6 6. O-O Qc7 7. Qe2 d6 8. c4 Nc6 9. Nxc6 bxc6 10. Nc3 e5 {[%emt 0:13:49] [#]} 11. c5 $1 {[%emt 0:03:11] White is better.} dxc5 12. Na4 Be7 13. Be3 {[%emt 0:01:10][%mdl 1024] White has strong compensation.} O-O 14. Rfc1 ({Much weaker is} 14. Nxc5 Ng4 $11) 14... a5 15. h3 Rd8 16. b3 Nd7 17. Bc4 {[%emt 0:07:28] White has more active pieces.} Nf8 18. Nxc5 Bxc5 19. Bxc5 Ne6 20. Qe3 {[%emt 0:01:52] aiming for Bb6.} Nd4 21. Rd1 Be6 22. Bxd4 exd4 23. Rxd4 Rxd4 24. Qxd4 Rd8 25. Qc5 Bxc4 26. bxc4 $16 {[%emt 0:00:58][%mdl 4096] Endgame. KQR-KQR} h6 27. e5 a4 28. Re1 Rd2 29. a3 Qd7 30. Re4 Qf5 {[%emt 0:01:30] Inhibits Rf4.} 31. Re1 {[%emt 0:05:50] Against Rd1} (31. Qxc6 $2 {gets mated.} Qxf2+ 32. Kh2 Qxg2#) 31... Qf4 32. Rf1 Qe4 (32... Rc2 {simplifies} 33. Qxc6 Qxc4 34. Qxc4 Rxc4 35. f4 Kf8) 33. Qb4 (33. Qa5 $14 {is more appropriate.} Rc2 34. Qa8+ (34. Qxa4 Qxc4 35. Qxc4 Rxc4 $14) 34... Kh7 35. Qxa4) 33... Rc2 (33... Qc2 $11) 34. Qxa4 $14 Rxc4 35. Qb3 Rd4 36. Qb8+ Kh7 37. Qe8 (37. Qb7 $16) 37... Qd5 $11 38. Re1 $36 {[%emt 0:00:03][%mdl 2048] Black is under pressure.} Re4 (38... Rd1 $1 $11 39. Rxd1 Qxd1+ 40. Kh2 Qd5) 39. Rxe4 $16 Qxe4 40. Qxf7 Qxe5 {[%emt 0:00:05] KQ-KQ} 41. Qa2 c5 42. a4 {[%emt 0:00:02][%cal Ba3a4,Ba4a5,Ba5a6][%mdl 32] Hoping for a5.} Qe1+ 43. Kh2 {[%emt 0:00:01] And now Qc2+ would win.} Qb4 $2 {[%emt 0:00:30][%mdl 8192] [#] A mistake that costs the game.} (43... Qe5+ $16 44. g3 Qf5) 44. a5 $1 {[%emt 0:00:38] White mates.} c4 45. a6 Qb8+ {[%emt 0:00:41] [#]} 46. f4 $1 Qb3 (46... c3 47. Qc2+) 47. Qa1 {[%emt 0:00:43] Weighted Error Value: White=0.09 (flawless) /Black=0.29 (precise) .  Loses game:     	---       	Black=1      Mistake:       	White=2     	Black=2      Inaccurate:     	White=2     	Black=2      OK:         	White=12    	Black=11     Best:        	White=3     	Black=5      Strong:       	White=1     	---} 1-0

[Event "XVI Memorial Lezcano Montalvo 2024"]
[Site "Gran Canaria"]
[Date "2024.03.28"]
[Round "6.4"]
[White "Sanz Wawer, Daniel"]
[Black "Kurajica, Bojan"]
[Result "0-1"]
[ECO "B30"]
[WhiteElo "2397"]
[BlackElo "2444"]
[Annotator "TA"]
[PlyCount "86"]
[EventDate "2024.03.23"]
[EventType "swiss"]
[EventCountry "ESP"]
[SourceTitle "playchess.com"]
[Source "ChessBase"]
[SourceQuality "1"]
[TimeControl "5400+30"]

1. e4 c5 2. Nf3 Nc6 3. Bb5 e6 4. Bxc6 bxc6 5. d3 Qc7 6. Qe2 {[%emt 0:00:23] B30: Sicilian: 2...Nc6 3 Bb5, lines without ...g6.} e5 7. O-O d6 8. Na3 $146 ({Predecessor:} 8. c3 Ba6 9. Rd1 Be7 10. Qc2 Bf6 11. Be3 Ne7 12. d4 cxd4 13. cxd4 exd4 14. Bxd4 Bxd4 15. Nxd4 {0-1 Werksma,A (2196)-Nijboer,F (2464) EU Corporate-ch rapid 2022 (9)}) 8... Ne7 9. Nh4 h6 10. g3 g5 11. Ng2 Bh3 12. Re1 Qd7 13. Ne3 h5 14. Bd2 Ng6 15. Qf3 (15. Nac4 $5) 15... Bg4 (15... Be6 $11 {remains equal.}) 16. Nxg4 $16 hxg4 17. Qf5 (17. Qf6 $16) 17... Qxf5 $14 18. exf5 Ne7 19. f6 Ng8 20. Bxg5 Rh5 21. Bh4 Nh6 22. Re4 d5 23. Ra4 Kd7 24. c3 Nf5 25. Rxg4 Nxh4 26. gxh4 Rb8 27. Ra4 Rxb2 28. Rxa7+ (28. Rb1 $1 $15 Rxa2 29. Rxa7+ Ke6 30. Nb5 Rxa7 31. Nxa7) 28... Ke6 $17 29. Rc7 (29. Rb1 $17 {might work better.} Rd2 (29... Rxa2 30. Nb5 $15) 30. Rb6) 29... c4 $19 (29... Rxh4 30. Rxc6+ Kf5 (30... Bd6 31. c4 $16) 31. Rc8) 30. Rxc6+ Kf5 31. dxc4 $2 (31. Nxc4 $17 {was forced.} dxc4 32. Rxc4) 31... Bxa3 $19 32. cxd5 Rxh4 33. Rd1 $2 (33. Rf1) 33... Rg4+ $19 (33... Rxa2 34. Ra6 $17) 34. Kh1 Rxf2 (34... Rxa2 35. Ra6 $11) 35. d6 Rgg2 (35... Kxf6 $2 36. d7+ Kg7 37. d8=Q $18 (37. d8=R Rgg2 $18)) 36. c4 Rxh2+ 37. Kg1 Rfg2+ 38. Kf1 Rxa2 39. Kg1 Rag2+ (39... Kxf6 40. d7+ Kg7 41. d8=Q $11) 40. Kf1 Rd2 ({Weaker is} 40... Kxf6 41. d7+ Kg7 42. d8=Q $11) (40... Kf4 $142 41. d7 Rd2 42. Rxd2 Rxd2 43. Ra6 Bc5 44. Ra8 Rxd7 45. Rh8 e4 46. Rh4+ Kf3 47. Rh3+ Kg4 48. Rb3 Rd3 49. Rxd3 exd3 50. Ke1 Kf3 51. Kd2 Ke4 52. Kd1 Ke3 53. Ke1 d2+ 54. Kd1 Bb6 55. Kc2 Ke2 56. c5 d1=Q+ (56... d1=R {is a self mate.} 57. cxb6 Rd7 58. Kc3 Rb7 59. Kd4 Rxb6 60. Ke4 Rxf6 61. Kd4 Re6 62. Kc4 f5 63. Kd5 Re3 64. Kd6 f4 65. Kc6 f3 66. Kd7 f2 67. Kd6 f1=Q 68. Kd5 Qf5+ 69. Kd4 Re4+ 70. Kc3 Qb5 71. Kc2 Rc4#) 57. Kc3 Bxc5 58. Kc4 Qd6 (58... Qd4+ {leads to mate.} 59. Kb3 Qd3+ 60. Ka4 Qc4+ 61. Ka5 Qb4+ 62. Ka6 Qb6#) 59. Kb3 Ba3 (59... Qxf6 60. Kc4 Qb6 61. Kd5 Be3 62. Kc4 Kd2 63. Kd5 Qe6#) 60. Ka2 Qb4 61. Ka1 Qb2#) 41. Rxd2 $19 Rxd2 42. c5 Bxc5 43. Rxc5 Rxd6 0-1

[Event "XVI Memorial Lezcano Montalvo 2024"]
[Site "Gran Canaria"]
[Date "2024.03.28"]
[Round "6.5"]
[White "Hernandez Leon, Alberto"]
[Black "Strikovic, Aleksa"]
[Result "1-0"]
[ECO "A80"]
[WhiteElo "2207"]
[BlackElo "2430"]
[Annotator "TA"]
[PlyCount "33"]
[EventDate "2024.03.23"]
[EventType "swiss"]
[EventCountry "ESP"]
[SourceTitle "playchess.com"]
[Source "ChessBase"]
[SourceQuality "1"]
[TimeControl "5400+30"]

1. d4 f5 2. Bg5 g6 3. Nc3 Bg7 4. Nf3 Nf6 5. e3 c6 6. Qd2 Ne4 7. Nxe4 fxe4 8. Ng1 {[%emt 0:00:48] White has an edge.} d5 9. f3 exf3 10. Nxf3 Bf5 11. Bd3 O-O 12. Bxf5 Rxf5 13. Qb4 Qc8 14. Qxe7 Na6 (14... Bf8 $14 15. Qd8 Qxd8 16. Bxd8 Nd7) 15. Qa3 {[%emt 0:08:57] White is more active.} Rxg5 $2 {[%emt 0:04:25] [#]} 16. Nxg5 $18 Qg4 $2 (16... Bf6) 17. Qe7 {[%emt 0:01:01] Weighted Error Value: White=0.12 (very precise) /Black=0.87.  Loses game:     	---       	Black=1      Mistake:       	---       	Black=2      Inaccurate:     	White=2     	Black=2      OK:         	White=4     	Black=2      Best:        	White=1     	---} 1-0

[Event "XVI Memorial Lezcano Montalvo 2024"]
[Site "Gran Canaria"]
[Date "2024.03.28"]
[Round "6.6"]
[White "Garcia Blanco, Omar"]
[Black "Lianes Garcia, Marcos"]
[Result "0-1"]
[ECO "B12"]
[WhiteElo "2377"]
[BlackElo "2398"]
[Annotator "TA"]
[PlyCount "108"]
[EventDate "2024.03.23"]
[EventType "swiss"]
[EventCountry "ESP"]
[SourceTitle "playchess.com"]
[Source "ChessBase"]
[SourceQuality "1"]
[TimeControl "5400+30"]

1. e4 c6 2. d4 d5 3. e5 Bf5 4. h4 h5 5. Bd3 Bxd3 6. Qxd3 e6 7. Bg5 {[%emt 0:00:43] B12: Caro-Kann: Advance Variation.} Qa5+ 8. Nd2 Qa6 9. c4 Nh6 10. Ngf3 Nf5 11. O-O Nd7 12. b3 Be7 13. Bxe7 Kxe7 14. a4 (14. Rfd1 {simplifies} Kf8 15. a4 g6 16. Nf1) 14... c5 $146 (14... Rhd8 $14) ({Predecessor:} 14... Nb6 15. a5 Nd7 16. Qc3 b5 17. axb6 Qxb6 18. c5 Qb7 19. Ra5 Rhb8 20. Rfa1 Qb4 {1-0 Taichman,O (2293)-Chernov,A (2314) Titled Tuesday intern op 07th Sept blitz 2021 (2)}) 15. Qb1 (15. b4 $142 {Hoping for b5.} dxc4 16. Qa3 (16. Nxc4 cxb4 17. Qb3 Rhc8 $16)) 15... dxc4 $16 16. Nxc4 cxd4 17. Qc1 Nb6 (17... Kf8 $16) 18. Nd6 $1 $18 Nxd6 19. exd6+ Kf8 20. Nxd4 Nd5 21. Nb5 Qb6 22. Qa3 Kg8 23. Rac1 Rd8 24. Rc5 $1 Kh7 25. b4 Rd7 $1 26. Qf3 g6 27. Rfc1 Kg7 28. Qe4 Qd8 29. Nxa7 (29. Rc7 $5 a6 (29... Nxc7 $2 30. dxc7 Qf6 31. Nxa7 $18) 30. Qe5+ Qf6 31. Qxf6+ Nxf6 32. Rxd7 Nxd7 33. Nd4 $16 (33. Rc7 axb5 34. Rxd7 bxa4 $11)) 29... b6 $2 {[%emt 0:01:44][%mdl 8192] [#]} (29... Nf6 $11 {and Black has nothing to worry.} 30. Qe1 Rxd6) 30. Rc7 $4 (30. Rc8 $1 $18 Qf6 31. Rxh8 Kxh8 32. Nb5) 30... Nxc7 $19 31. dxc7 (31. Nc6 $142 Qa8 32. dxc7) 31... Rd1+ $19 32. Rxd1 Qxd1+ 33. Kh2 Qd6+ (33... Qxa4 $2 {too greedy.} 34. Qd4+ (34. c8=R Rxc8 35. Qd4+ e5 $18) (34. c8=N Qa1 $11) 34... e5 35. Qxe5+ (35. c8=Q $2 exd4 36. Qc7 d3 $19) 35... Kh7 36. Qxh8+ (36. c8=R Rxc8 37. Nxc8 Qxb4 $18) (36. c8=N Qxb4 37. Qf6 Qc4 $16) 36... Kxh8 37. c8=Q+ $18 (37. c8=R+ $2 Kg7 $19)) 34. g3 Qxc7 35. Nb5 Qd7 36. Qe3 Qc6 37. Qd4+ f6 38. Nc3 e5 39. Qd3 Rc8 40. Ne4 Rc7 ({Not} 40... Qxa4 41. Qd6 Rf8 42. Ng5 fxg5 43. Qxe5+ Kg8 44. Qe6+ Rf7 45. Qxg6+ Kf8 46. Qxb6 $19) 41. a5 bxa5 42. bxa5 Rd7 43. Qb1 Ra7 44. Qb4 Rb7 45. Qe1 Rb5 46. Qd2 Rb7 $2 (46... Qxe4 $2 {perishes.} 47. Qd7+ Kh6 48. Qxb5 $18) (46... Rb8 $19 47. Nc3 Rb7) 47. Qd3 $2 (47. Qe1 $1 $11 Rb8 48. Kh3) 47... Rd7 48. Qb1 $1 Rd4 49. f3 Ra4 50. Qe1 Ra2+ 51. Kg1 Qc2 (51... Qa4 $142 52. Nc3 Qd4+ (52... Qxa5 $2 53. Qe3 $19) 53. Kh1 Rd2 (53... Rxa5 $2 54. Kg2 $19)) 52. Nf2 $19 Qc5 53. f4 e4 54. a6 Qd4 0-1

[Event "XVI Memorial Lezcano Montalvo 2024"]
[Site "Gran Canaria"]
[Date "2024.03.28"]
[Round "6.7"]
[White "Perez Guerra, Raul"]
[Black "Akhvlediani, Irakli"]
[Result "0-1"]
[ECO "B33"]
[WhiteElo "2250"]
[BlackElo "2356"]
[Annotator "RC"]
[PlyCount "130"]
[EventDate "2024.03.23"]
[EventType "swiss"]
[EventCountry "ESP"]
[SourceTitle "playchess.com"]
[Source "ChessBase"]
[SourceQuality "1"]
[TimeControl "5400+30"]

1. e4 c5 2. Nf3 Nc6 3. d4 cxd4 4. Nxd4 Nf6 5. Nc3 e5 6. Ndb5 d6 7. Bg5 a6 8. Na3 b5 9. Nd5 Be7 10. Bxf6 Bxf6 11. c4 b4 12. Nc2 a5 13. Qf3 Be6 14. Rd1 O-O 15. Nxf6+ Qxf6 16. Qxf6 gxf6 17. Rxd6 Rfc8 18. Be2 b3 19. axb3 Rab8 20. Kd2 Rxb3 21. Kc1 a4 22. Rhd1 Kg7 23. R1d2 Na5 24. Ne3 Nb7 25. Rxe6 fxe6 26. Rd7+ Kh8 27. Ng4 Nc5 28. Ra7 Rb7 29. Rxb7 Nxb7 30. Nxf6 Nd6 31. f3 Nxc4 32. Bxc4 Rxc4+ 33. Kd2 Kg7 34. Ng4 Rc5 35. Kd3 h5 36. Ne3 Rb5 37. Kc2 Kf6 38. h4 Rb8 39. Nc4 Rb3 40. Na5 Re3 41. Kd1 Rd3+ 42. Kc2 Rd8 43. Nc4 Rc8 44. Kc3 Rb8 45. Kc2 Rb5 46. Kc3 Ke7 47. Kc2 Kd7 48. g4 Ke7 49. gxh5 Kf8 50. h6 Kg8 51. Ne3 Rb3 52. Ng4 Rxf3 53. Nxe5 Rg3 54. Nd7 a3 55. bxa3 Rxa3 56. Nf6+ Kf7 57. h7 Kg7 58. Kd2 Rf3 59. Nd7 Kxh7 60. Ke2 Rf7 61. Nc5 e5 62. Nd3 Re7 63. Kf3 Kg6 64. Nf2 Kh5 65. Kg3 Ra7 0-1

[Event "XVI Memorial Lezcano Montalvo 2024"]
[Site "Gran Canaria"]
[Date "2024.03.28"]
[Round "6.8"]
[White "Omelja, Artem"]
[Black "Marrero Cardenes, Agustin"]
[Result "1-0"]
[ECO "E17"]
[WhiteElo "2438"]
[BlackElo "2093"]
[Annotator "TA"]
[PlyCount "75"]
[EventDate "2024.03.23"]
[EventType "swiss"]
[EventCountry "ESP"]
[SourceTitle "playchess.com"]
[Source "ChessBase"]
[SourceQuality "1"]
[TimeControl "5400+30"]

1. d4 Nf6 2. c4 e6 3. Nf3 b6 4. g3 Bb7 5. Bg2 Be7 6. O-O O-O 7. Re1 c5 {[%emt 0:01:25] [#]} 8. d5 $1 exd5 9. Nh4 Ne8 (9... Ne4 $11) 10. Nf5 $16 {[%emt 0:01:00] White is better.} (10. cxd5 $6 Bxh4 11. gxh4 Qxh4 $11) (10. Bxd5 Bxd5 11. Qxd5 Nc7 $15) 10... Bf6 11. Nc3 {[%emt 0:07:40] White has more active pieces.} ({Much less strong is} 11. Bxd5 Bxd5 12. cxd5 d6 $14) 11... Bxc3 12. bxc3 Qf6 {[%emt 0:00:07] [#]} 13. Qc2 Nc6 14. cxd5 ({But not} 14. Bxd5 Nc7 $16) 14... Ne7 15. Nxe7+ Qxe7 16. c4 d6 17. e4 Rb8 18. a4 Nc7 (18... f6 $16 {was necessary.} 19. f4 Bc8) 19. Bb2 $18 f6 20. f4 Qd7 21. e5 Ne8 (21... Qg4 $142 22. e6 (22. exd6 Ne8 $16) 22... a6) 22. e6 Qe7 23. Be4 g6 24. g4 Ba6 (24... a6 $142 25. f5 g5) 25. Ra3 {[%emt 0:00:00][%cal Ba1a3,Ba3h3,Bh3h5,Bh5h6][%mdl 32] Black is weak on the light squares. White is clearly winning.} Rb7 26. Rh3 Kg7 27. Ree3 Rg8 28. f5 g5 29. Rh5 Kf8 30. Reh3 Qg7 31. Rh6 Rh8 32. R3h5 Ke7 33. Bd3 Kd8 34. h4 gxh4 35. g5 Rf8 36. Qh2 Qe7 37. Qxh4 fxg5 38. Qxg5 {[%emt 0:00:00] Weighted Error Value: White=0.06 (flawless) /Black=0.48.  Mistake:       	---       	Black=4      Inaccurate:     	---       	Black=1      OK:         	White=12    	Black=4      Best:        	White=1     	---} 1-0

[Event "XVI Memorial Lezcano Montalvo 2024"]
[Site "Gran Canaria"]
[Date "2024.03.28"]
[Round "6.9"]
[White "Yankelevich, Lev"]
[Black "Gonzalez Martinez, Miguel Angel"]
[Result "1-0"]
[ECO "A55"]
[WhiteElo "2412"]
[BlackElo "2158"]
[Annotator "TA"]
[PlyCount "79"]
[EventDate "2024.03.23"]
[EventType "swiss"]
[EventCountry "ESP"]
[SourceTitle "playchess.com"]
[Source "ChessBase"]
[SourceQuality "1"]
[TimeControl "5400+30"]

1. d4 Nf6 2. c4 d6 3. Nc3 Nbd7 4. e4 e5 5. Nf3 c6 6. Bd3 Be7 7. O-O O-O 8. h3 {[%emt 0:02:27] White is slightly better.} a6 9. d5 Nc5 10. Bc2 cxd5 11. exd5 a5 12. Be3 b6 13. a3 Ba6 14. Nd2 Ne8 15. b4 Nd7 16. Qb1 g6 17. Bh6 (17. Ba4 $16) 17... Ng7 18. Ba4 f5 19. Bc6 {[%emt 0:00:31] Black must now prevent b5.} Rb8 $1 20. Nb5 Nf6 {[%emt 0:04:38] [#]} 21. Nb3 {[%emt 0:07:55] White has more active pieces.} (21. bxa5 $1 $16 bxa5 22. a4) 21... f4 22. f3 {[%emt 0:02:56] [#]} ({Better is} 22. Bxg7 $14 Kxg7 23. bxa5) 22... Nf5 23. Bxf8 $16 Bxf8 24. Qd3 Ne3 25. Rfe1 Bh6 (25... Nh5 $14) 26. Nd2 Bc8 27. Nc3 Bf5 28. Nde4 Nxe4 29. Nxe4 Qh4 30. Re2 Rf8 31. bxa5 bxa5 32. Rb1 g5 $2 {[%emt 0:01:13] This move loses the game for Black.} (32... Bg7 $16 33. c5 dxc5) 33. Rb7 $18 Kh8 34. Bd7 {[%emt 0:00:32] aiming for Bxf5.} Bg6 35. Qb1 g4 (35... Bxe4 {is a better defense.} 36. Qxe4 Bg7) 36. hxg4 (36. fxg4 Nxg2 (36... Nxc4 $2 {is the wrong capture.} 37. Rb8 $18) (36... f3 37. Rf2 $11) 37. Rb8 (37. Rxg2 f3 $15) 37... Ne3 (37... Qxh3 $2 38. Rxf8+ Bxf8 39. Qb8 $18) 38. Rxf8+ Bxf8 $11) (36. Bxg4 Bxe4 37. Qxe4 Bg7 $18) 36... Qd8 $2 (36... Bg7 37. c5 dxc5) 37. Be6 {[%emt 0:04:27] White is clearly winning.} Nxc4 {[%emt 0:02:16] [#]} 38. Bf5 $1 Bxf5 (38... Bf7 39. Rd7) 39. gxf5 {[%emt 0:00:04] And now f6 would win.} Ne3 40. f6 {[%emt 0:00:20] Weighted Error Value: White=0.18 (very precise) /Black=0.45.  Loses game:     	---       	Black=1      Mistake:       	White=3     	Black=4      Inaccurate:     	White=2     	Black=5      OK:         	White=16    	Black=11     Best:        	White=1     	---        Strong:       	---       	Black=1      Brilliant:      	White=1     	---} 1-0

[Event "XVI Memorial Lezcano Montalvo 2024"]
[Site "Gran Canaria"]
[Date "2024.03.28"]
[Round "6.10"]
[White "Morales Camacho, Julian"]
[Black "Garcia Padron, Jose"]
[Result "0-1"]
[ECO "A06"]
[WhiteElo "2186"]
[BlackElo "2385"]
[Annotator "RC"]
[PlyCount "86"]
[EventDate "2024.03.23"]
[EventType "swiss"]
[EventCountry "ESP"]
[SourceTitle "playchess.com"]
[Source "ChessBase"]
[SourceQuality "1"]
[TimeControl "5400+30"]

1. Nf3 d5 2. b3 Bg4 3. Bb2 Bxf3 4. exf3 e6 5. d4 Nf6 6. Bd3 a5 7. Nd2 a4 8. bxa4 c6 9. c4 Bb4 10. O-O Qa5 11. Nb3 Qxa4 12. a3 Be7 13. c5 Nbd7 14. Bc2 O-O 15. Bc3 Qa7 16. a4 b6 17. cxb6 Nxb6 18. Qd3 Nbd7 19. Rfb1 Rfc8 20. Na5 Rc7 21. Qd2 c5 22. Rb5 cxd4 23. Bxd4 Rxc2 24. Qxc2 Qxd4 25. Rab1 Qf4 26. Qc6 Rf8 27. Rb7 Ne5 28. Qc1 Qxa4 29. Ra1 Qe8 30. Qc7 Ned7 31. Nc6 Bc5 32. g4 h6 33. Ra5 Be7 34. Rab5 Bd8 35. Qd6 e5 36. h4 e4 37. Qf4 exf3 38. Qxf3 Ne5 39. Nxe5 Qxe5 40. Qg3 Qe1+ 41. Kg2 Ne4 42. Qe3 Qxe3 43. fxe3 Nd6 0-1

[Event "XVI Memorial Lezcano Montalvo 2024"]
[Site "Gran Canaria"]
[Date "2024.03.28"]
[Round "6.11"]
[White "Loiacono, Leonardo"]
[Black "Pleschke, Julius Jonas"]
[Result "1-0"]
[ECO "A14"]
[WhiteElo "2316"]
[BlackElo "1993"]
[Annotator "RC"]
[PlyCount "137"]
[EventDate "2024.03.23"]
[EventType "swiss"]
[EventCountry "ESP"]
[SourceTitle "playchess.com"]
[Source "ChessBase"]
[SourceQuality "1"]
[TimeControl "5400+30"]

1. Nf3 Nf6 2. g3 e6 3. Bg2 Be7 4. O-O d5 5. c4 O-O 6. b3 c5 7. cxd5 Nxd5 8. Bb2 Nc6 9. d4 cxd4 10. Nxd4 Nxd4 11. Qxd4 Bf6 12. Qd2 Nf4 13. gxf4 Qxd2 14. Nxd2 Bxb2 15. Rab1 Bf6 16. Ne4 Rb8 17. Rbc1 b6 18. Nxf6+ gxf6 19. Rc7 a5 20. Rd1 Ba6 21. Bf3 Rfc8 22. Rxc8+ Rxc8 23. Rd6 Rc2 24. Kf1 Rc1+ 25. Kg2 Rc2 26. f5 Bxe2 27. Be4 Rc5 28. Rxb6 exf5 29. Bf3 Bxf3+ 30. Kxf3 Rc2 31. a4 Kg7 32. Rb5 Rb2 33. Rxf5 Rxb3+ 34. Kg2 Ra3 35. Rxa5 h6 36. Ra8 Kh7 37. f3 Rb3 38. Re8 f5 39. Re5 Kg6 40. Rb5 Ra3 41. Rb4 Kf6 42. Kg3 Ke5 43. Rb5+ Kf6 44. Rb6+ Kg5 45. Rb4 h5 46. h4+ Kg6 47. Kf4 f6 48. Rc4 Kg7 49. Kxf5 Rxf3+ 50. Ke4 Ra3 51. Kd5 f5 52. Ke5 Kg6 53. Kf4 Rh3 54. Rc6+ Kf7 55. Kg5 Rg3+ 56. Kxh5 f4 57. Rc4 f3 58. a5 Kg7 59. Rf4 Kh7 60. a6 Rg6 61. Rf7+ Rg7 62. Rxf3 Ra7 63. Ra3 Kg8 64. Kg6 Kh8 65. Kf6 Kg8 66. Ke6 Kf8 67. Kd6 Ke8 68. Kc6 Kd8 69. Kb6 1-0

[Event "XVI Memorial Lezcano Montalvo 2024"]
[Site "Gran Canaria"]
[Date "2024.03.28"]
[Round "6.12"]
[White "Blanco Garcia Bajo, David"]
[Black "Oudeh Mishmesh, Omar"]
[Result "0-1"]
[ECO "B13"]
[WhiteElo "2004"]
[BlackElo "2301"]
[Annotator "RC"]
[PlyCount "130"]
[EventDate "2024.03.23"]
[EventType "swiss"]
[EventCountry "ESP"]
[SourceTitle "playchess.com"]
[Source "ChessBase"]
[SourceQuality "1"]
[TimeControl "5400+30"]

1. e4 c6 2. d4 d5 3. exd5 cxd5 4. Bd3 Nf6 5. Bf4 Bg4 6. Nf3 e6 7. Nbd2 Bd6 8. Bxd6 Qxd6 9. c3 Nc6 10. O-O O-O 11. Re1 Rfc8 12. Qb3 a6 13. Ne5 Qc7 14. Nxg4 Nxg4 15. Nf3 Rab8 16. Rac1 b5 17. Qc2 h6 18. h3 Nf6 19. Qe2 Qf4 20. g3 Qc7 21. a4 Qb6 22. axb5 axb5 23. Ne5 b4 24. Nxc6 Rxc6 25. Qd2 bxc3 26. bxc3 Rbc8 27. Rc2 Ne8 28. Rec1 Nd6 29. Kg2 Qc7 30. Qf4 Qb6 31. Qd2 Kf8 32. Kg1 Ra8 33. Ra2 Rac8 34. Ra6 Qb3 35. Rxc6 Rxc6 36. Rc2 Nc8 37. Qc1 Nb6 38. Be2 Rc8 39. Rb2 Qa3 40. Qb1 Rxc3 41. Kg2 Nd7 42. Rb7 Rc1 43. Qb5 Qa1 44. Bf1 Rxf1 45. Qxf1 Qxf1+ 46. Kxf1 Nf6 47. f3 g5 48. Ke2 Nh5 49. Kf2 Kg7 50. Rb2 Kf6 51. h4 gxh4 52. gxh4 Ng7 53. Ke3 Nf5+ 54. Kd3 Nxh4 55. Rh2 Nf5 56. Rg2 h5 57. Rh2 Kg5 58. Rh3 h4 59. Rh2 Kf4 60. Rh3 f6 61. Kc3 Ke3 62. f4+ Kxf4 63. Kd3 Kg4 64. Rh1 h3 65. Ke2 Ng3+ 0-1